 Dungeon Crawl Stone Soup version 0.30-a0-726-gd89dcf765f (webtiles) character file.

Game seed: 679138544879676353

255 timneilson the Covered (level 6, -1/38 HPs)
             Began as a Gargoyle Fighter on Jan 29, 2023.
             Slain by a hound (2 damage)
             ... on level 4 of the Dungeon.
             The game lasted 00:03:32 (2503 turns).

timneilson the Covered (Gargoyle Fighter)           Turns: 2503, Time: 00:03:33

Health: -1/38      AC: 11    Str: 22    XL:     6   Next: 15%
Magic:  6/6        EV:  9    Int:  8    God:
Gold:   130        SH:  4    Dex:  9    Spells: 5/5 levels left

rFire   . . .      SeeInvis .    l - +0 scimitar
rCold   . . .      Faith    .    c - +0 buckler
rNeg    + . .      Spirit   .    b - +0 scale mail
rPois   ∞          Reflect  .    (no helmet)
rElec   +          Harm     .    (no cloak)
rCorr   .          Rampage  .    (no gloves)
Will    +....                    (no boots) Stlth
                                 (no amulet)
HPRegen 0.26/turn                h - ring of willpower
MPRegen 0.10/turn                (no ring)

@: no status effects
A: sickness immunity, AC +4, negative energy resistance 1, electricity
resistance, torment resistance 1, petrification resistance
a: no special abilities


You were on level 4 of the Dungeon.
You visited 1 branch of the dungeon, and saw 4 of its levels.

You collected 130 gold pieces.

Inventory:

Hand Weapons
 a - a +0 long sword
 l - a +0 scimitar (weapon)
Armour
 b - a +0 scale mail (worn)
 c - a +0 buckler (worn)
Jewellery
 h - a ring of willpower (left hand)
Scrolls
 f - a scroll of teleportation
 k - a scroll of poison
Potions
 d - a potion of attraction {unknown}
 e - a potion of haste
 g - 2 potions of degeneration {unknown}
 i - a potion of curing {unknown}
 j - a potion of brilliance {unknown}


   Skills:
 + Level 4.1 Fighting
 * Level 3.1 Long Blades
 * Level 4.6 Armour
 + Level 1.3 Dodging
 * Level 4.6 Shields


You had 5 spell levels left.
You didn't know any spells.
Your spell library contained the following spells:

 Spells                   Type           Power      Damage    Failure   Level
 Foxfire                  Conj/Fire      0%         2x1d4     80%         1
 Magic Dart               Conj           0%         1d3       80%         1
 Searing Ray              Conj           0%         2d4       91%         2
 Ozocubu's Armour         Ice            0%         N/A       99%         3
 Fulminant Prism          Conj/Hex       0%         3d5       100%        4
 Fireball                 Conj/Fire      0%         3d3       100%        5
 Starburst                Conj/Fire      0%         6d3       100%        6
 Ozocubu's Refrigeration  Ice            0%         4d7       100%        7


Dungeon Overview and Level Annotations

Branches:
Dungeon (4/15)
 Temple: D:4-7

Altars:

Shops:
D:2 *


Innate Abilities, Weirdness & Mutations

You are immune to sickness and miasma.
Your stone body is resilient. (AC +4)
You are immune to poison.
You resist negative energy. (rN+)
You are resistant to electric shocks. (rElec)
You are resistant to unholy torment.
You are immune to petrification.


Message History

No target in view!
No target in view!
No target in view!
Found a stone staircase leading down and a stone staircase leading up.
You now have 130 gold pieces (gained 7).
There is a stone staircase leading down here.
Found a scimitar and a robe.
You see here a +0 scimitar.
k - a scroll of poison You see here a +0 scimitar.
l - a +0 scimitar
l - a +0 scimitar (weapon)
Found an escape hatch in the ceiling.
Found a scroll of noise.
There is an escape hatch in the ceiling here.
You see here a scroll of noise.
An ogre comes into view. It is wielding a +0 giant club.
The ogre shouts!
You hear a bark!
You barely miss the ogre. The ogre hits you with a +0 giant club!
A hound comes into view.
You hit the ogre.
The ogre is lightly wounded.
The ogre hits you with a +0 giant club.
You hit the ogre.
The ogre is moderately wounded.
The ogre barely misses you.
You hit the ogre.
The ogre is heavily wounded.
The ogre hits you with a +0 giant club!!
* * * LOW HITPOINT WARNING * * *
The ogre attacks as you move away! The ogre barely misses you.
The hound barely misses you. The hound attacks as you move away!
The hound closely misses you. The hound bites you.
* * * LOW HITPOINT WARNING * * *
The hound attacks as you move away! The hound bites you.
* * * LOW HITPOINT WARNING * * *
You block the hound's attack. The hound bites you.
You die...

###.# #.....# ###†.......>
#...# .....# #...........
#.### .....# #.⌠.###..)##
##.#### ....# #...# #.8.#
#.....# .... #...# #...#
##.##.######.# #...# #####
#.##.....O..# ##.##
#....#####h.# #.#
###........@######.#######
#..##..................#
..........######.#####.#
##.....##... #.##.##.##
##.... ..#.. #.#.#....#
..## ..###. #........## ..
. #.#.......# ### ##
#.......... #>#...(...#


You could see an ogre and a hound.

Vanquished Creatures
  Eustachio (D:4)
  A hound (D:4)
  2 adders (D:3)
  An ufetubus (D:4)
  A worm (D:3)
  A dart slug (D:1)
  8 ball pythons
  2 bats (D:1)
  3 endoplasms
  3 giant cockroaches
  2 goblins
  4 hobgoblins
  4 jackals (D:1)
  2 quokkas
  A frilled lizard (D:1)
  8 kobolds
  A rat (D:3)
45 creatures vanquished.

Notes
Turn   | Place    | Note
-------+----------+-------------------------------------------
     0 | D:1      | timneilson the Gargoyle Fighter began the quest for the
                  | Orb.
     0 | D:1      | Reached XP level 1. HP: 14/14 MP: 1/1
    91 | D:1      | Reached XP level 2. HP: 19/19 MP: 2/2
   498 | D:1      | Found a faded altar of an unknown god.
   742 | D:1      | Reached XP level 3. HP: 14/23 MP: 3/3
  1155 | D:2      | Found Zioheh's Assorted Antiques.
  1978 | D:3      | Reached XP level 4. HP: 29/29 MP: 4/4
  2225 | D:4      | Noticed Eustachio
  2236 | D:4      | Killed Eustachio
  2237 | D:4      | Reached skill level 1 in Dodging
  2237 | D:4      | Reached XP level 5. HP: 15/33 MP: 5/5
  2352 | D:4      | Reached XP level 6. HP: 23/38 MP: 6/6
  2501 | D:4      | HP: 1/38 [hound (3)]
  2503 | D:4      | Slain by a hound

Illustrated notes

Levels and vault maps discovered:
D:1:      dpeg_arrival_arbitrary_a, layout_loops_corners,
          ebering_ecumenical_altar_webs
D:2:      layout_basic, serial_shops, nicolae_shop_statue_plus, minmay_ruptured
D:3:      layout_rooms
D:4:      layout_loops_cross, minmay_temple_entry_poolview, st_stairs_14,
          nicolae_elevator_lobby_asterisk, uniq_eustachio

Skill      XL: |  1  2  3  4 |
---------------+-------------+-----
Long Blades    | 2 3 |  3.1
Fighting       | 4 |  4.1
Armour         | 4 |  4.6
Dodging        | 1 |  1.3
Shields        | 4 |  4.6

Action                     |  1- 3 |  4- 6 || total
---------------------------+-------+-------++-------
  Melee: Long sword        |   158 |    47 ||   205
         Scimitar          |       |     4 ||     4
    Use: Scroll            |     6 |     1 ||     7
         Potion            |       |     2 ||     2
 Armour: Scale mail        |   129 |    45 ||   174
  Dodge: Dodged            |   110 |    52 ||   162
  Block: Buckler           |    46 |    25 ||    71

Table legend: (Time is in decaauts)
 A = Elapsed time spent in this place.
 B = Non-inter-level travel time spent in this place.
 C = Inter-level travel time spent in this place.
 D = Time resting spent in this place.
 E = Time spent auto-exploring this place.
 F = Levels seen in this place.
 G = Mean time per level.
                   A        B        C        D        E       F      G
               +--------+--------+--------+--------+--------+-----+--------+
         Total |   2550 |   2479 |     71 |      0 |   2011 |   4 |  637.5 |
       Dungeon |   2550 |   2479 |     71 |      0 |   2011 |   4 |  637.5 |
               +--------+--------+--------+--------+--------+-----+--------+

Top non-repeatable levels by time:
     D:1: 961 daAuts
     D:2: 783 daAuts
     D:3: 508 daAuts
     D:4: 296 daAuts
